 Dungeon Crawl Stone Soup version 0.22-a0-388-g09e6169 (webtiles) character file.

18 sankara the Grave Robber (level 2, -1/20 HPs)
             Began as a Ghoul Necromancer on Apr 29, 2018.
             Slain by a jackal (2 damage)
             ... on level 1 of the Dungeon.
             The game lasted 00:03:19 (799 turns).

sankara the Grave Robber (Ghoul Necromancer)         Turns: 799, Time: 00:03:19

Health: -1/20      AC:  2    Str: 11    XL:     2   Next: 70%
Magic:  1/3        EV: 12    Int: 10    God:
Gold:   9          SH:  0    Dex:  9    Spells: 2/4 levels left

rFire    . . .     SeeInvis .   a - +0 dagger
rCold    + . .     Gourm    .   (no shield)
rNeg     + + +     Faith    .   d - +0 robe
rPois    ∞         Spirit   .   (no helmet)
rElec    .         Reflect  .   (no cloak)
rCorr    .         Harm     .   (no gloves)
MR       .....                  (no boots)
Stlth    ++........             (no amulet)
HPRegen  0.00/turn              (no ring)
MPRegen  0.08/turn              (no ring)

@: very slightly contaminated, rotting
A: rotting body, claws 1, carnivore, cold resistance 1, negative energy
resistance 3, inhibited regeneration, torment resistance, unbreathing
a: no special abilities


You were on level 1 of the Dungeon.
You were not hungry.

You visited 1 branch of the dungeon, and saw 1 of its levels.

You collected 9 gold pieces.

Inventory:

Hand Weapons
 a - a +0 dagger (weapon)
   (You took it off a goblin on level 1 of the Dungeon)
Missiles
 e - 27 stones (quivered)
Armour
 d - a +0 robe (worn)
Scrolls
 f - a scroll of remove curse {unknown}
Comestibles
 b - 6 chunks of flesh {@w0}
 c - a ration


   Skills:
 - Level 1.7 Dodging
 - Level 3.0 Stealth
 - Level 1.7 Spellcasting
 + Level 4.4 Necromancy


You had 2 spell levels left.
You knew the following spells:

 Your Spells              Type           Power        Failure   Level  Hunger
a - Pain                  Necr           #...         5%          1    ##.....
c - Animate Skeleton      Necr           N/A          5%          1    ##.....


Dungeon Overview and Level Annotations

Branches:
Dungeon (1/15)

Altars:


Innate Abilities, Weirdness & Mutations

Your body is rotting away.
You thrive on raw meat.
You are immune to poison.
You have sharp fingernails.
You are carnivorous and can eat meat at any time.
Your flesh is cold resistant. (rC+)
You are immune to negative energy. (rN+++)
You do not regenerate when monsters are visible.
You are immune to unholy pain and torment.
You can survive without breathing.


Message History

A jackal comes into view.
The jackal barks!
A jackal comes into view.
A jackal comes into view.
The jackal barks! x2
A hobgoblin comes into view. It is wielding a club.
Casting: Animate Skeleton (safe; 5% risk of failure)
Confirm with . or Enter, or press ? or * to list all spells.
Aiming: Pain (safe; 5% risk of failure)
Press: ? - help, Shift-Dir - straight line, f - jackal
Aim: a jackal (chance to defeat MR: 76%)
The jackal writhes in agony!
The hobgoblin moves out of view.
A rat and a giant cockroach come into view.
Casting: Pain (safe; 5% risk of failure)
Confirm with . or Enter, or press ? or * to list all spells.
Aiming: Pain (safe; 5% risk of failure)
Press: ? - help, Shift-Dir - straight line, f/p - jackal
Aim: a jackal (heavily wounded, chance to defeat MR: 76%)
The jackal writhes in agony!
You kill the jackal!
Casting: Pain (safe; 5% risk of failure)
Confirm with . or Enter, or press ? or * to list all spells.
Aiming: Pain (safe; 5% risk of failure)
Press: ? - help, Shift-Dir - straight line, f - jackal
Aim: a jackal (chance to defeat MR: 76%)
You miscast Pain.
You are very lightly contaminated with residual magic.
Nothing appears to happen.
Casting: Pain (safe; 5% risk of failure)
Confirm with . or Enter, or press ? or * to list all spells.
You don't have enough magic to cast that spell.
You hit the jackal but do no damage. The jackal completely misses you.
The jackal closely misses you. The jackal barely misses you.
Your rat skeleton bites the jackal but does no damage.
Your goblin skeleton barely misses the jackal.
The jackal barely misses you.
A goblin comes into view. It is wielding a dagger.
You miss the jackal. The jackal closely misses you. The jackal bites you. x2
Your rat skeleton bites the jackal but does no damage.
Your goblin skeleton closely misses the jackal.
The jackal closely misses you.
You closely miss the jackal. The jackal barely misses you.
The jackal closely misses you. The jackal bites you.
The jackal bites you but does no damage.
Your rat skeleton closely misses the jackal.
You hit the jackal.
The jackal is lightly wounded.
The jackal bites you. The jackal misses you.
The jackal bites you but does no damage.
Your goblin skeleton hits the jackal with a dagger.
The jackal barely misses you.
You hit the jackal but do no damage.
The jackal is lightly wounded.
The jackal bites you. x3; Your rat skeleton misses the jackal.
Your goblin skeleton barely misses the jackal.
Your goblin skeleton hits the jackal but does no damage.
The rat bites your rat skeleton. The jackal bites you.
The jackal closely misses you.
You completely miss the jackal.
The jackal is lightly wounded.
The jackal barely misses you. The jackal closely misses you.
The jackal bites you but does no damage.
Your rat skeleton closely misses the jackal.
Your goblin skeleton hits the jackal but does no damage.
Your goblin skeleton hits the jackal with a dagger.
The rat completely misses your rat skeleton.
The jackal bites you.
You hit the jackal but do no damage.
The jackal is almost dead.
The jackal closely misses you. The jackal bites you.
* * * LOW HITPOINT WARNING * * *
The jackal bites you.
* * * LOW HITPOINT WARNING * * *
The rat bites your rat skeleton.
Your rat skeleton barely misses the jackal.
Your goblin skeleton hits the jackal but does no damage.
Your goblin skeleton closely misses the jackal.
The jackal barely misses you.
You hit the jackal.
The jackal is almost dead.
The jackal closely misses you. The jackal misses you. The jackal bites you.
* * * LOW HITPOINT WARNING * * *
The jackal barely misses you. The rat bites your rat skeleton.
Your rat skeleton is destroyed!
You hit the jackal.
You kill the jackal!
The jackal bites you but does no damage.
Your goblin skeleton hits the rat with a dagger.
The jackal bites you but does no damage.
The giant cockroach barely misses your goblin skeleton.
The jackal bites you.
* * * LOW HITPOINT WARNING * * *
The rat bites your goblin skeleton.
The giant cockroach bites your goblin skeleton.
Your rat skeleton bites the rat.
The rat dies!
The jackal bites your goblin skeleton.
Your goblin skeleton hits the giant cockroach with a dagger.
The jackal bites you.
You die...

####..............#
####..........#.......
.............#.......
###............##......
.
$.....#...........####
..###.........##.....#
#
......sZ......#.Z....#
.....ghZZ.....#.Z....#
....†.gh@..)..#Z.....#
....####......#......#
. #......#..)...#
#......#.....##
#......#.....#
#......#.....#
########.....# #.....#
#.....#


You could see 2 jackals, a giant cockroach, a hobgoblin, a goblin, a friendly
rat skeleton and 2 friendly goblin skeletons.

Vanquished Creatures
  A bat (D:1)
  A hobgoblin (D:1)
  4 jackals (D:1)
  A frilled lizard (D:1)
  5 goblins (D:1)
  4 rats (D:1)
16 creatures vanquished.

Vanquished Creatures (collateral kills)
  A bat (D:1)
  A rat (D:1)
2 creatures vanquished.

Grand Total: 18 creatures vanquished

Notes
Turn   | Place    | Note
-------+----------+-------------------------------------------
     0 | D:1      | sankara the Ghoul Necromancer began the quest for the Orb.
     0 | D:1      | Reached XP level 1. HP: 14/14 MP: 2/2
    44 | D:1      | HP: 3/14 [jackal (3)]
    45 | D:1      | HP: 1/14 [jackal (2)]
    72 | D:1      | Learned a level 1 spell: Animate Skeleton
   553 | D:1      | Reached XP level 2. HP: 20/20 MP: 0/3
   755 | D:1      | Reached skill level 3 in Stealth
   796 | D:1      | HP: 5/20 [jackal (1)]
   798 | D:1      | HP: 1/20 [jackal (2)]
   799 | D:1      | Slain by a jackal

Vault maps used:
D:1:      lightli_arrival_flooded_house, minmay_statues_item

Skill      XL: |  1  2 |
---------------+-------+-----
Stealth        | 3 |  3.0
Dodging        | |  1.7
Spellcasting   | |  1.7
Necromancy     | |  4.4

Action                   || total
-------------------------++-------
Melee: Unarmed           ||    11
       Dagger            ||    23
 Cast: Pain              ||    16
       Animate Skeleton  ||     6
  Eat: Chunk             ||     2
Armor: Robe              ||     9
Dodge: Dodged            ||    42

Table legend:
 A = Spawn XP
 B = Non-spawn XP
 C = Spawn XP percentage of total XP
 D = Spawn monster count
 E = Non-spawn monster count
 F = Spawn count percentage of total count
 G = Total turns spent on level
                    A         B        C        D         E        F      G
               +---------+---------+-------+---------+---------+-------+---------
         Total |       0 |      27 |   0.0 |       0 |      18 |   0.0 |   799
               +---------+---------+-------+---------+---------+-------+---------
           D:1 |       0 |      27 |   0.0 |       0 |      18 |   0.0 |   799
               +---------+---------+-------+---------+---------+-------+---------

Vault maps used:
D:1:      lightli_arrival_flooded_house, minmay_statues_item

Table legend:
 A = Turns spent in this place as a percentage of turns spent in the entire game.
 B = Non-inter-level travel turns spent in this place as a percentage of non-inter-level travel turns spent in the entire game.
 C = Inter-level travel turns spent in this place as a percentage of turns spent in this place.
 D = Turns resting spent in this place as a percentage of non-inter-level travel turns spent in this place.
 E = Turns spent auto-exploring this place as a percentage of non-inter-level travel turns spent in this place.
 F = Non-inter-level travel turns spent in this place divided by the number of levels of this place that you've seen.
                   A       B       C       D       E      F
               +-------+-------+-------+-------+-------+----------------------
         Total | 100.0 | 100.0 |   0.0 |  67.0 |  11.6 | 799.0
       Dungeon | 100.0 | 100.0 |   0.0 |  67.0 |  11.6 | 799.0
               +-------+-------+-------+-------+-------+----------------------

Table legend:
 A = Kills in this place as a percentage of kills in entire the game.
 B = Kills by you in this place as a percentage of kills by you in the entire game.
 C = Kills by friends in this place as a percentage of kills by friends in the entire game.
 D = Other kills in this place as a percentage of other kills in the entire game.
 E = Experience gained in this place as a percentage of experience gained in the entire game.
 F = Experience gained in this place divided by the number of levels of this place that you have seen.
                   A       B       C       D       E      F
               +-------+-------+-------+-------+-------+----------------------
         Total | 100.0 | 100.0 | 100.0 |   N/A | 100.0 |  27.0
       Dungeon | 100.0 | 100.0 | 100.0 |   N/A | 100.0 |  27.0
               +-------+-------+-------+-------+-------+----------------------
